 Dungeon Crawl Stone Soup version 0.14-a0-1761-gdbd231b (webtiles) character file.

1722 Nicoed the Skirmisher (level 9, -9/68 HPs)
             Began as a Human Fighter on Jan 5, 2014.
             Was an Initiate of Okawaru.
             Killed by a distortion unwield (24 damage)
             ... on Level 6 of the Dungeon.
             The game lasted 00:23:49 (5792 turns).

Nicoed the Skirmisher (Human Fighter)               Turns: 5792, Time: 00:23:49

HP  -9/68        AC  6     Str 19      XL: 9   Next:  1%
MP   9/9         EV 11     Int 10      God: Okawaru [......]
Gold 313         SH 20     Dex 12      Spells:  0 memorised,  8 levels left

rFire  + . .     SeeInvis .     (no weapon)
rCold  + . .     Clarity  .     y - +3 orc leather armour {rC+}
rNeg   + . .     Conserve .     c - +0 shield
rPois  .         rCorr    .     (no helmet)
rElec  .         rRot     .     (no cloak)
SustAb . .       Spirit   .     (no gloves)
rMut   .         Warding  +     (no boots)
Saprov . . .     Stasis   .     e - amulet of warding
                                q - ring of protection from fire
                                v - ring of flight

@: slightly resistant to hostile enchantments, very unstealthy
A: no striking features
a: Renounce Religion, Evoke Flight


You were on level 6 of the Dungeon.
You worshipped Okawaru.
Okawaru was noncommittal.
You were full.

You visited 2 branches of the dungeon, and saw 7 of its levels.

You collected 313 gold pieces.

Inventory:

Hand weapons
 b - a +4,+0 short sword of distortion
 d - a +0,+0 long sword
Armour
 c - a +0 shield (worn)
 y - a +3 orcish leather armour of cold resistance (worn)
Comestibles
 i - 2 bread rations
 p - 3 meat rations
Scrolls
 a - 3 scrolls of remove curse
 g - a scroll of noise
 j - 4 scrolls of teleportation
 n - a scroll of recharging
Jewellery
 e - an amulet of warding (around neck)
 m - an uncursed ring of invisibility
 q - a ring of protection from fire (right hand)
 v - a ring of flight (left hand)
Potions
 f - a potion of mutation
 l - a potion of restore abilities {unknown}
 r - a potion of speed
 t - a potion of resistance {unknown}
 w - a potion of flight {unknown}


   Skills:
 + Level 5.5 Fighting
 + Level 4.8 Short Blades
   Level 2.0 Axes
 + Level 5.5 Armour
 + Level 4.4 Dodging
 + Level 5.0 Shields


You had 8 spell levels left.
You didn't know any spells.

Dungeon Overview and Level Annotations

Branches:
Dungeon (6/16)             Temple (1/1) D:5

Altars:
Cheibriados
Elyvilon
Kikubaaqudgha
Makhleb
Okawaru
Trog
the Shining One

Annotations:
Abyss:1 Pikel


Message History

You block the crimson imp's attack.
You miss the crimson imp.
The crimson imp hits you with a long sword.
* * * LOW HITPOINT WARNING * * *
You feel better.
You hit the crimson imp.
Space bends around the crimson imp.
The crimson imp is almost dead.
The crimson imp hits you but does no damage.
You hit the crimson imp.
You kill the crimson imp!
Okawaru accepts your kill.
You have reached level 9!
Your experience leads to an increase in your attributes!
Increase (S)trength, (I)ntelligence, or (D)exterity?
You feel stronger.
You see here a long sword.
d - a long sword Really unwield
b - a +4,+0 short sword of distortion?
You are caught in an extremely strong localised spatial distortion!
You die...

......#
#.######..##.....##
......#
#...##....###)..##
......#
#...###.........#
......#
#...####...[....#
##.####
#...#.##......### ##.#
#.....##......# ##.#
#.)....##(...## ##.#
#).....###...#
##.#######
#.@.#...##.###
.........# #..##....###
.........# #..##....#
..>......# ....#.?....#
.........#
......#.....##
.........##..........###
.........##..........#
.(.......# ......# .
.........# .....#


There were no monsters in sight!

Vanquished Creatures
  A hippogriff (D:4)
  A phantom (D:5)
  A giant frog (D:6)
  2 jellies
  A crimson imp (D:6)
  2 worker ants
  10 orc wizards
  An iguana (D:3)
  An orc priest (D:5)
  A scorpion (D:4)
  A black bear skeleton (D:5)
  A hound zombie (D:5)
  A worker ant zombie (D:6)
  6 adders
  A worm (D:5)
  A grey rat (D:6)
  2 giant eyeballs
  3 giant geckos
  2 oozes
  23 orcs
  A bat skeleton (D:4)
  7 giant cockroaches
  8 goblins
  7 hobgoblins
  9 jackals
  3 ball pythons
  3 bats
  5 giant newts
  6 kobolds
  2 quokkas
  11 rats
124 creatures vanquished.

Vanquished Creatures (others)
  The ghost of Nicoed the Skirmisher, an average HuFi of the Shining One (D:4)
  A sky beast (D:6)
  An orc wizard (D:3)
  An iguana (D:4)
  A giant mite (D:4)
  A worm (D:2)
  An ooze (D:3)
  A bat (D:2)
  A goblin (D:4)
  A jackal (D:1)
10 creatures vanquished.

Grand Total: 134 creatures vanquished

Notes
Turn   | Place    | Note
--------------------------------------------------------------
     0 | D:1      | Nicoed, the Human Fighter, began the quest for the Orb.
     0 | D:1      | Reached XP level 1. HP: 18/18 MP: 1/1
   221 | D:1      | Reached XP level 2. HP: 20/24 MP: 2/2
   580 | D:2      | Reached skill level 1 in Short Blades
   665 | D:2      | Reached XP level 3. HP: 29/29 MP: 3/3
  1159 | D:3      | Reached skill level 1 in Dodging
  1159 | D:3      | Reached XP level 4. HP: 21/35 MP: 4/4
  1292 | D:3      | Reached XP level 5. HP: 31/41 MP: 5/5
  1474 | D:3      | Found a snail-covered altar of Cheibriados.
  1475 | D:3      | Noticed a giant slug
  1482 | D:3      | Noticed a giant slug
  1491 | D:3      | Noticed a giant slug
  2148 | D:4      | Noticed a slave
  2149 | D:4      | Noticed a slave
  2150 | D:4      | Noticed Pikel
  2576 | D:3      | You fall through a shaft!
  2577 | D:4      | Reached XP level 6. HP: 48/48 MP: 6/6
  2603 | D:4      | Noticed a slave
  2606 | D:4      | Noticed a slave
  2606 | D:4      | Banished Pikel
  2606 | D:4      | Reached skill level 4 in Fighting
  2606 | D:4      | Reached XP level 7. HP: 47/54 MP: 7/7
  2751 | D:4      | Noticed Nicoed's ghost (average HuFi)
  2757 | D:4      | Banished Nicoed's ghost
  2758 | D:4      | Noticed a hippogriff
  2767 | D:4      | Killed a hippogriff
  2976 | D:4      | Paralysed by a giant eyeball for 2 turns
  2986 | D:4      | Paralysed by a giant eyeball for 3 turns
  3242 | D:5      | Entered Level 5 of the Dungeon
  3456 | D:5      | Reached XP level 8. HP: 59/61 MP: 8/8
  3478 | D:5      | Found a staircase to the Ecumenical Temple.
  3505 | Temple   | Entered the Ecumenical Temple
  3522 | Temple   | Became a worshipper of Warmaster Okawaru
  4278 | D:5      | Reached skill level 5 in Armour
  4632 | D:5      | Reached skill level 5 in Fighting
  4664 | D:5      | Paralysed by a giant eyeball for 3 turns
  4672 | D:5      | Paralysed by a giant eyeball for 4 turns
  4686 | D:5      | Paralysed by a giant eyeball for 4 turns
  4697 | D:5      | Paralysed by a giant eyeball for 3 turns
  5587 | D:6      | Found a white marble altar of Elyvilon.
  5767 | D:6      | Reached skill level 5 in Shields
  5773 | D:6      | HP: 1/63 [crimson imp/long sword (7)]
  5789 | D:6      | Reached XP level 9. HP: 14/68 MP: 9/9
  5792 | D:6      | Killed by a distortion unwield

Action                   |  1- 3 |  4- 6 |  7- 9 || total
-------------------------+-------+-------+-------++-------
Melee: Short sword       |    67 |    65 |   259 ||   391
       Hand axe          |     2 |       |       ||     2
  Use: Scroll            |    11 |     3 |     6 ||    20
       Potion            |       |     1 |     6 ||     7
